 Dungeon Crawl Stone Soup version 0.17-a0-1399-gd5b76e1 (webtiles) character file.

6050 Kidiri the Magician (level 10, -4/50 HPs)
             Began as a Gargoyle Earth Elementalist on June 18, 2015.
             Was a Believer of Vehumet.
             Slain by an eight-headed hydra (6 damage)
             ... on level 1 of the Lair of Beasts.
             The game lasted 01:09:41 (12004 turns).

Kidiri the Magician (Gargoyle Earth Elementalist)  Turns: 12004, Time: 01:09:42

Health: -4/50      AC: 17    Str: 11    XL:     10   Next: 87%
Magic:  13/21      EV: 13    Int: 20    God:    Vehumet [**....]
Gold:   373        SH:  0    Dex: 10    Spells: 8 memorised, 0 levels left

rFire  . . .     SeeInvis .     k - +6 quarterstaff (chaos)
rCold  . . .     Clarity  .     A - +2 leather armour
rNeg   + . .     SustAt   .     (no shield)
rPois  ∞         Gourm    +     (no helmet)
rElec  +         Spirit   .     n - +0 cloak {rPois}
rCorr  .         Warding  .     h - +2 pair of gloves
rMut   .         Rnd*Tele +     (no boots)
MR     .....                    w - amulet of the gourmand
Stlth  +++.......               f - +1 ring of protection
                                q - ring of teleportation

@: not resistant to hostile enchantments, fairly stealthy
A: negative energy resistance 1, electricity resistance, unbreathing,
petrification resistance, rot immunity, AC +7
a: Renounce Religion, Evoke Teleportation


You were on level 1 of the Lair of Beasts.
You worshipped Vehumet.
Vehumet was pleased with you.
You were full.

You visited 3 branches of the dungeon, and saw 11 of its levels.

You collected 373 gold pieces.

Inventory:

Hand weapons
 k - a +6 quarterstaff of chaos (weapon)
Missiles
 a - 277 stones (quivered)
 s - 3 throwing nets
 O - an exploding tomahawk
Armour
 b - a +0 robe
 h - a +2 pair of gloves (worn)
 n - a +0 cloak of poison resistance (worn)
 A - a +2 leather armour (worn)
Jewellery
 f - a +1 ring of protection (right hand)
 o - an uncursed ring of positive energy
 q - a ring of teleportation (left hand)
 w - an amulet of the gourmand (around neck)
 B - a +1 ring of evasion
Magical devices
 u - a wand of polymorph (19)
 v - a wand of fireball (5)
 x - a wand of fire (10)
 y - a wand of paralysis (9)
 C - a wand of confusion (15)
 G - a wand of draining (8)
 K - a wand of cold (8)
 L - a wand of frost (35)
 Q - a wand of draining (4)
Scrolls
 M - 2 scrolls of magic mapping
 T - a scroll of remove curse
Potions
 i - a potion of haste
 j - a potion of resistance
 r - 3 potions of cure mutation {unknown}
 t - a potion of degeneration {unknown}
 z - 2 potions of magic
 D - a potion of might {unknown}
 E - a potion of brilliance {unknown}
 F - a potion of cancellation {unknown}
 I - a potion of lignification {unknown}
 P - 2 potions of mutation {unknown}
 R - a potion of agility
Books
 c - a book of Geomancy

   Spells                             Type                      Level
   a - Sandblast                      Earth                        1
   b - Stoneskin                      Transmutation/Earth          2
   c - Passwall                       Transmutation/Earth          3
   d - Stone Arrow                    Conjuration/Earth            3
   e - Petrify                        Transmutation/Earth          4
   f - Lee's Rapid Deconstruction     Earth                        5
 g - a book of Changes

   Spells                             Type                      Level
   a - Beastly Appendage              Transmutation                1
   b - Sticks to Snakes               Transmutation                2
   c - Spider Form                    Transmutation/Poison         3
   d - Ice Form                       Ice/Transmutation            4
   e - Blade Hands                    Transmutation                5
 H - a Fen Folio

   Spells                             Type                      Level
   a - Corpse Rot                     Necromancy                   2
   b - Stone Arrow                    Conjuration/Earth            3
   c - Leda's Liquefaction            Hexes/Earth                  4
   d - Summon Forest                  Summoning/Translocation      5
   e - Hydra Form                     Transmutation                6
   f - Summon Hydra                   Summoning                    7
 U - a book of the Sky

   Spells                             Type                      Level
   a - Summon Lightning Spire         Summoning/Air                4
   b - Airstrike                      Air                          4
   c - Silence                        Hexes/Air                    5
   d - Deflect Missiles               Charms/Air                   6
   e - Conjure Ball Lightning         Conjuration/Air              6
   f - Tornado                        Air                          9
Comestibles
 d - 11 bread rations
 l - 6 meat rations
 m - 3 slices of pizza
 J - a beef jerky
 N - 3 fruits
 S - 4 chunks of flesh


   Skills:
 + Level 5.0 Dodging
 + Level 7.0 Stealth
 * Level 7.9 Spellcasting
 + Level 5.5 Conjurations
 + Level 2.4 Necromancy
 + Level 4.5 Transmutations
 + Level 7.6 Earth Magic
 + Level 4.3 Evocations


You couldn't memorise any spells.
You knew the following spells:

 Your Spells              Type           Power        Failure   Level  Hunger
a - Sandblast             Erth           #####.       1%          1    None
b - Stoneskin             Trmt/Erth      ####....     1%          2    None
c - Passwall              Trmt/Erth      ####......   2%          3    None
d - Stone Arrow           Conj/Erth      ####..       1%          3    None
e - Petrify               Trmt/Erth      ####....     12%         4    ###....
f - Lee's Rapid Deconstr  Erth           #####.....   14%         5    #####..
g - Corpse Rot            Necr           N/A          10%         2    None
h - Leda's Liquefaction   Hex/Erth       ###.......   28%         4    ###....


Dungeon Overview and Level Annotations

Branches:
Dungeon (9/15)             Temple (1/1) D:6            Lair (1/8) D:9
    Orc: D:9-12

Altars:
Ashenzari
Cheibriados
Dithmenos
Elyvilon
Fedhas
Gozag
Kikubaaqudgha
Makhleb
Nemelex Xobeh
Okawaru
Qazlal
Ru
Sif Muna
Trog
Vehumet
Xom
Yredelemnul
Zin
The Shining One

Shops:
D:5 }

Annotations:
Lair:1 Nergalle


Innate Abilities, Weirdness & Mutations

You are resistant to torment.
Your stone body is resilient (AC +7).
You are immune to poison.
You resist negative energy.
You are resistant to electric shocks.
You can survive without breathing.
You are immune to petrification.
You are immune to rotting.


Message History

The eight-headed hydra misses you. The eight-headed hydra bites you!
* * * LOW HITPOINT WARNING * * *
The eight-headed hydra bites you.
* * * LOW HITPOINT WARNING * * *
The eight-headed hydra closely misses you.
An iguana comes into view.
The iguana hisses angrily.
You hear an angry hiss.
Found a scroll labeled HOSUYL DIOPPEE.
Found an escape hatch in the floor.
Use which ability? (? or * to list)
You fail to use your ability.
The eight-headed hydra barely misses you.
The eight-headed hydra bites you but does no damage.
The eight-headed hydra barely misses you.
The eight-headed hydra bites you but does no damage.
The eight-headed hydra bites you.
* * * LOW HITPOINT WARNING * * *
The eight-headed hydra misses you.
The eight-headed hydra barely misses you.
The eight-headed hydra bites you.
You die...

...............
...............
......o.......
.........l...
##...........
##............
.#.............
.......@.......
.....#P#D..##..
?.r ## ..## >
.## .# .# #. .


You could see an eight-headed hydra, Nergalle, an iguana and a porcupine.

Vanquished Creatures
  A black mamba (D:9)
  A spiny frog (Lair:1)
  A komodo dragon (Lair:1)
  A queen bee (Lair:1)
  A troll (D:9)
  2 blink frogs (Lair:1)
  The ghost of Protee the Insei, an average DsTm (D:5)
  A spriggan (D:7)
  2 humans (D:9)
  3 yaks (D:9)
  A water moccasin (Lair:1)
  2 orc warriors
  2 ogres
  An ice beast (D:7)
  2 sky beasts (D:8)
  A tengu (shapeshifter) (D:7)
  A phantom (D:8)
  5 centaurs
  A necrophage (D:9)
  A big kobold (D:7)
  5 giant frogs
  2 gnoll sergeants
  3 scorpions
  3 wights (D:8)
  2 crimson imps
  2 hounds
  Crazy Yiuf (D:2)
  2 centaur skeletons (D:5)
  Jessica (D:3)
  A giant frog skeleton (D:7)
  2 iguanas
  2 jellies
  3 orc priests
  4 orc wizards
  An iron imp (D:6)
  Natasha (thrice) (D:4)
  3 worker ants
  12 adders
  19 gnolls
  A shadow imp (D:8)
  A worm (D:4)
  An adder skeleton (D:5)
  7 giant geckos
  22 orcs
  A bat skeleton (D:7)
  A bat zombie (D:6)
  7 giant cockroaches
  12 goblins
  15 hobgoblins
  12 jackals
  5 quokkas
  3 ball pythons
  17 bats
  A giant cockroach zombie (D:5)
  5 giant newts
  A jackal skeleton (D:8)
  A jackal zombie (D:8)
  14 kobolds
  A quokka zombie (D:5)
  14 rats
244 creatures vanquished.

Vanquished Creatures (others)
  A quokka (D:5)
  A jackal (D:5)
2 creatures vanquished.

Grand Total: 246 creatures vanquished

Notes
Turn   | Place    | Note
--------------------------------------------------------------
     0 | D:1      | Kidiri the Gargoyle Earth Elementalist began the quest for the Orb.
     0 | D:1      | Reached XP level 1. HP: 10/10 MP: 3/3
   345 | D:1      | Reached XP level 2. HP: 15/15 MP: 3/5
   349 | D:1      | Learned a level 2 spell: Stoneskin
   971 | D:2      | Reached XP level 3. HP: 19/19 MP: 4/6
   972 | D:2      | Reached skill level 1 in Transmutations
   979 | D:1      | Learned a level 3 spell: Passwall
  1018 | D:1      | Reached skill level 4 in Earth Magic
  1018 | D:1      | Reached XP level 4. HP: 15/24 MP: 0/7
  1395 | D:2      | Learned a level 3 spell: Stone Arrow
  1400 | D:2      | Noticed Crazy Yiuf
  1455 | D:2      | Killed Crazy Yiuf
  1455 | D:2      | Reached XP level 5. HP: 11/28 MP: 2/9
  1852 | D:3      | Noticed Jessica
  2353 | D:3      | Killed Jessica
  2353 | D:3      | Reached XP level 6. HP: 18/32 MP: 11/11
  2527 | D:3      | Reached skill level 1 in Conjurations
  2537 | D:3      | Found a deep blue altar of Sif Muna.
  3268 | D:4      | Noticed Natasha
  3289 | D:4      | Killed Natasha
  3350 | D:4      | Noticed Natasha
  3358 | D:4      | Killed Natasha
  3388 | D:4      | Noticed Natasha
  3417 | D:4      | Killed Natasha
  4150 | D:5      | Entered Level 5 of the Dungeon
  4151 | D:5      | Found a glowing golden altar of the Shining One.
  4229 | D:5      | Learned a level 4 spell: Petrify
  4259 | D:5      | Reached XP level 7. HP: 34/36 MP: 13/13
  4480 | D:5      | Found a white marble altar of Elyvilon.
  4535 | D:5      | Noticed Protee's ghost (average DsTm)
  4545 | D:5      | Killed Protee's ghost
  4545 | D:5      | Reached skill level 5 in Earth Magic
  4545 | D:5      | Reached skill level 1 in Evocations
  4646 | D:5      | Found Hieza's Gadget Emporium.
  5232 | D:5      | Reached XP level 8. HP: 39/41 MP: 13/15
  5839 | D:6      | Reached skill level 5 in Spellcasting
  6390 | D:6      | Found a staircase to the Ecumenical Temple.
  6398 | Temple   | Entered the Ecumenical Temple
  6567 | Temple   | Became a worshipper of Vehumet
  7014 | D:7      | Reached skill level 5 in Stealth
  7172 | D:7      | Noticed Joseph
  7203 | D:7      | Noticed Joseph
  7203 | D:7      | Joseph changed into Joseph the big kobold
  7203 | D:7      | Joseph the big kobold changed into Joseph the tengu
  7206 | D:7      | Reached XP level 9. HP: 18/45 MP: 14/17
  7411 | D:7      | Learned a level 5 spell: Lee's Rapid Deconstruction
  7723 | D:8      | Reached skill level 6 in Earth Magic
  7904 | D:8      | Acquired Vehumet's first power
  7904 | D:8      | Offered knowledge of Freeze by Vehumet.
  8271 | D:8      | Learned a level 2 spell: Corpse Rot
  8586 | D:8      | Found a sparkling altar of Nemelex Xobeh.
  9704 | D:9      | Reached skill level 1 in Necromancy
  9717 | D:9      | Offered knowledge of Throw Frost by Vehumet.
  9776 | D:9      | Reached XP level 10. HP: 20/50 MP: 16/20
  9815 | D:9      | Found an iron altar of Okawaru.
  9882 | D:9      | Reached skill level 7 in Earth Magic
 10283 | D:9      | Noticed a black mamba
 10288 | D:9      | Killed a black mamba
 10288 | D:9      | Reached skill level 5 in Conjurations
 10498 | D:9      | Found a staircase to the Lair.
 11160 | Lair:1   | Entered Level 1 of the Lair of Beasts
 11267 | Lair:1   | Learned a level 4 spell: Leda's Liquefaction
 11955 | Lair:1   | Reached skill level 5 in Dodging
 12003 | Lair:1   | Noticed Nergalle
 12003 | Lair:1   | Noticed an eight-headed hydra
 12004 | Lair:1   | HP: 2/50 [eight-headed hydra (2)]
 12004 | Lair:1   | Slain by an eight-headed hydra

Vault maps used:
D:1:      lightli_arrival_statue_moat, corexii_hall_statues_i
D:2:      minmay_strange_pillars, uniq_crazy_yiuf_cottage
D:3:      tgw_sif, first_bread, uniq_jessica
D:4:      corexii_corridor_pit, uniq_natasha
D:5:      serial_shops, shop, basic_altar, elyvilon_altar_4
D:6:      minmay_temple_entry_hall
D:7:      the_bakery, uniq_joseph
D:8:      nemelex_spade_bored_becter
D:9:      okawaru_humans, lair_0_dummy
Temple:   minmay_crystal_snake_temple_18
Lair:1:   minivault_27, columned_hall_lemuel, uniq_nergalle

Action                   |  1- 3 |  4- 6 |  7- 9 | 10-12 || total
-------------------------+-------+-------+-------+-------++-------
Melee: Unarmed           |    13 |       |       |       ||    13
       Quarterstaff      |       |    66 |   335 |   108 ||   509
 Cast: Sandblast         |    37 |    85 |    12 |     6 ||   140
       Stoneskin         |     1 |     2 |     5 |     1 ||     9
       Stone Arrow       |       |     8 |    43 |    29 ||    80
       Petrify           |       |       |     5 |    11 ||    16
       Lee's Rapid Decon |       |       |     1 |     3 ||     4
  Use: Potion            |     2 |       |       |     4 ||     6
       Scroll            |       |     8 |    11 |     4 ||    23
 Stab: Sleeping          |     1 |     9 |    11 |     1 ||    22
       Distracted        |       |       |     1 |       ||     1
       Petrified         |       |       |     1 |     2 ||     3
  Eat: Chunk             |     1 |     9 |    26 |    13 ||    49
       Royal jelly       |       |     1 |       |       ||     1
